 Dungeon Crawl Stone Soup version 0.28.0-53-g5a82cb258f (webtiles) character file.

Game seed: 5910540229296759629

3572 styxcanada the Covert (level 9, 0/45 HPs)
             Began as a Spriggan Brigand on June 9, 2022.
             Was an Initiate of Gozag.
             Killed from afar by a steam dragon (20 damage)
             ... with a ball of steam
             ... on level 7 of the Dungeon on June 10, 2022.
             The game lasted 00:29:23 (6337 turns).

styxcanada the Covert (Spriggan Brigand)            Turns: 6337, Time: 00:29:24

Health: 0/45       AC:  4    Str: 11    XL:     9   Next: 84%
Magic:  10/10      EV: 22    Int: 13    God:    Gozag
Gold:   150        SH:  0    Dex: 20    Spells: 8/8 levels left

rFire   . . .      SeeInvis +   m - +6 rapier "Joileg" {vorpal, rPois Str+4}
rCold   . . .      Faith    .   (no shield)
rNeg    . . .      Spirit   .   b - +0 robe
rPois   +          Reflect  .   (helmet restricted)
rElec   .          Harm     .   c - +1 cloak
rCorr   +          Rampage  .   (gloves unavailable)
Will    +....                   (boots unavailable)
Stlth   +++++.....              f - amulet of regeneration
HPRegen 0.95/turn               l - ring of resist corrosion
MPRegen 0.12/turn               (no ring)

@: gold aura, very quick
A: very small, no large weapons, unfitting armour, see invisible, speed 3
a: Renounce Religion, Potion Petition, Call Merchant, Bribe Branch


You were on level 7 of the Dungeon.
You worshipped Gozag.
Gozag was aware of your devotion.
You visited 2 branches of the dungeon, and saw 8 of its levels.

You collected 291 gold pieces.
You paid 141 gold pieces to Gozag.

Inventory:

Hand Weapons
 a - a +2 vorpal dagger
 m - the +6 rapier "Joileg" (weapon) {vorpal, rPois Str+4}
   (You acquired it on level 4 of the Dungeon)

   It inflicts extra damage upon your enemies.
   Str:       It affects your strength (+4).
   rPois:     It protects you from poison.
 n - a +2 short sword of venom
Missiles
 d - 8 poisoned darts (quivered)
 e - 2 curare-tipped darts
 g - 176 stones
 p - 37 sling bullets
Armour
 b - a +0 robe (worn)
 c - a +1 cloak (worn)
Jewellery
 f - an amulet of regeneration (around neck)
 h - a ring of ice
 l - a ring of resist corrosion (left hand)
Wands
 s - a wand of charming (1)
 y - a wand of flame (12)
Scrolls
 i - a scroll of fog
 j - 2 scrolls of fear
 q - a scroll of amnesia
 w - 3 scrolls of identify
Potions
 k - 2 potions of invisibility
 o - 2 potions of haste
 r - a potion of might {unknown}
 t - a potion of brilliance {unknown}
 u - 2 potions of flight {unknown}
 v - a potion of degeneration {unknown}
 x - 2 potions of resistance {unknown}
 z - 2 potions of curing {unknown}
 A - a potion of heal wounds {unknown}


   Skills:
 + Level 4.2 Fighting
 + Level 8.7 Short Blades
 + Level 5.0 Throwing
 * Level 7.1 Dodging
 * Level 12.4 Stealth
 * Level 5.0 Evocations


You had 8 spell levels left.
You didn't know any spells.
Your spell library was empty.

Dungeon Overview and Level Annotations

Branches:
Dungeon (7/15)             Temple (1/1) D:7

Altars:
Ashenzari
Dithmenos
Gozag
Hepliaklqana
Kikubaaqudgha
Nemelex Xobeh
Okawaru
Ru
Sif Muna
Uskayaw
Wu Jian

Shops:
D:7 [

Annotations:
D:6 1 runed translucent door, trickyswaf's ghost, novice MiFi


Innate Abilities, Weirdness & Mutations

You are very small and have problems with some larger weapons.
You are too small for most types of armour.
You have supernaturally acute eyesight. (SInv)
You cover ground extremely quickly. (Speed+++)


Message History

The centaur unwields a +0 shortbow.
The centaur closely misses you. The centaur misses you.
You puncture the centaur!
The centaur is heavily wounded.
The centaur is distracted by your dazzling golden aura.
The centaur shouts!
You puncture the centaur!
The centaur is no longer distracted by gold.
The centaur is almost dead.
The centaur misses you. The centaur barely misses you.
You barely miss the centaur.
The centaur is almost dead.
The centaur hits you.
The centaur kicks you but does no damage.
The orc warrior hits you with a +0 war axe!
The centaur wields a +0 shortbow.
The centaur shoots an arrow.
The arrow completely misses you.
You barely miss the orc warrior.
The orc warrior is heavily wounded.
The orc warrior misses you.
You hit the orc warrior.
The orc warrior is heavily wounded.
You puncture the orc warrior!
The orc warrior is almost dead.
The orc warrior hits you with a +0 war axe!
* * * LOW HITPOINT WARNING * * *
You hit the orc warrior.
You kill the orc warrior!
Your Throwing skill increases to level 5!
A bullfrog comes into view.
Found a ring mail.
The helpless bullfrog fails to defend itself.
You spit the bullfrog like a pig!!!!
You kill the bullfrog!
Your Evocations skill increases to level 5!
Found 14 gold pieces.
Found a stone staircase leading down.
The steam dragon breathes steam at you. The ball of steam hits you!!
You die...
Your body crumbles into a pile of gold.

##....#.........#
#.g###.........#
#.D##...g......## #
#..##.......#...###
#..##............##
#$.##......###...##
#.§###...#.#"#.#.##
#.§# #...(.#.#.....
#.@# #.#...$....$#.
#.........##$##.$..
#.....###.#.g.#.###
#...#.#$....(....!#
#.....###.#.c.#.###
#.........##Z##....
.>..$..#.........#.
..#........#$#.....
.. .#=#$ .#


There were no monsters in sight!

Vanquished Creatures
  Harold (D:7)
  Maggie (D:6)
  Grinder (D:6)
  A wyvern (D:7)
  Eustachio (D:6)
  A steam dragon (D:6)
  An orc warrior (D:7)
  A sky beast (D:7)
  3 black bears
  An ice beast (D:7)
  A necrophage (D:4)
  2 centaurs (D:5)
  3 ogres
  A phantom (D:5)
  2 bullfrogs (D:7)
  A water moccasin zombie (D:5)
  4 howler monkeys
  A centaur zombie (D:6)
  2 centaur skeletons
  A jelly (D:5)
  A gnoll shaman (D:5)
  A hound (D:4)
  3 bullfrog skeletons
  2 iguanas (D:6)
  3 orc wizards (D:5)
  3 gnolls (D:5)
  9 adders
  2 adder skeletons
  3 worms
  3 dart slugs
  10 orcs
  3 ball pythons
  9 bats
  2 endoplasms
  6 giant cockroaches
  6 goblins
  9 hobgoblins
  6 jackals
  8 kobolds
  5 quokkas
  2 frilled lizards
  3 rats
  A butterfly (D:7)
130 creatures vanquished.

Notes
Turn   | Place    | Note
-------+----------+-------------------------------------------
     0 | D:1      | styxcanada the Spriggan Brigand began the quest for the
                  | Orb.
     0 | D:1      | Reached XP level 1. HP: 10/10 MP: 2/2
   205 | D:1      | Found a faded altar of an unknown god.
   239 | D:1      | Reached skill level 6 in Stealth
   588 | D:2      | Reached XP level 2. HP: 15/15 MP: 3/3
   795 | D:1      | Reached XP level 3. HP: 15/18 MP: 4/4
   870 | D:2      | Reached skill level 7 in Stealth
  1154 | D:2      | Reached XP level 4. HP: 23/23 MP: 5/5
  1841 | D:3      | Found a sacrificial altar of Ru.
  2145 | D:3      | Reached XP level 5. HP: 18/26 MP: 6/6
  2640 | D:4      | Noticed a black bear
  2663 | D:4      | Noticed a black bear
  2664 | D:4      | Killed a black bear
  2665 | D:4      | Reached skill level 8 in Stealth
  2665 | D:4      | Reached XP level 6. HP: 30/31 MP: 7/7
  2931 | D:4      | Found an ornate altar of the Wu Jian Council.
  2968 | D:4      | Reached XP level 7. HP: 21/35 MP: 8/8
  3057 | D:4      | Reached skill level 5 in Short Blades
  3098 | D:4      | Identified a scroll of acquirement
  3098 | D:4      | Acquired the +6 rapier "Joileg" {vorpal, rPois Str+4}
  3409 | D:5      | Entered Level 5 of the Dungeon
  3680 | D:5      | Reached XP level 8. HP: 38/40 MP: 9/9
  3973 | D:5      | Reached skill level 9 in Stealth
  4050 | D:5      | Reached skill level 5 in Dodging
  4065 | D:5      | Found an iron altar of Okawaru.
  4314 | D:5      | Reached skill level 1 in Evocations
  4667 | D:6      | Found a broken altar of Ashenzari.
  4674 | D:6      | Noticed Grinder
  4690 | D:6      | Killed Grinder
  4704 | D:6      | Noticed Maggie
  4712 | D:6      | Killed Maggie
  4713 | D:6      | Reached skill level 10 in Stealth
  4778 | D:6      | Noticed Eustachio
  4785 | D:6      | Killed Eustachio
  4786 | D:6      | Reached XP level 9. HP: 45/45 MP: 10/10
  4830 | D:6      | Found an ancient bone altar of Kikubaaqudgha.
  5749 | D:6      | Found a runed translucent door.
  5750 | D:6      | Noticed trickyswaf's ghost (novice MiFi)
  6040 | D:7      | Found Kekhle's Armour Emporium.
  6045 | D:7      | Noticed Harold
  6104 | D:7      | Killed Harold
  6105 | D:7      | Reached skill level 11 in Stealth
  6185 | D:7      | Found a staircase to the Ecumenical Temple.
  6191 | Temple   | Entered the Ecumenical Temple
  6233 | Temple   | Became a worshipper of Gozag Ym Sagoz the Greedy
  6289 | D:7      | Reached skill level 12 in Stealth
  6328 | D:7      | Reached skill level 5 in Throwing
  6334 | D:7      | Reached skill level 5 in Evocations
  6337 | D:7      | Killed from afar by a steam dragon

Illustrated notes

Levels and vault maps discovered:
D:1:      dpeg_arrival_round_a, layout_rooms, dilly_ecumenical_altar_fadedgnrine
D:2:      layout_rooms, minmay_joined_circles
D:3:      minmay_razor_zed, layout_rooms, nicolae_ru_awakened_eye
D:4:      layout_rooms, mainiacjoe_overflow_catwalk
D:5:      layout_gridville, mainiacjoe_overflow_boulevard
D:6:      layout_layer_cave, mainiacjoe_overflow_24_doors, ashenzari_altar_1,
          gammafunk_ghost_grave, lemuel_old_faithful, uniq_maggie,
          uniq_eustachio, uniq_grinder
D:7:      layout_cave_pods, dk_yredelemnul_ordeal,
          minmay_temple_entry_butterflies, serial_shops, shop,
          nicolae_shop_overgrown_old_shop, hangedman_decor_opposing,
          minmay_fractal_squares_5, uniq_harold
Temple:   hc_temple_tempest_star

Skill      XL: |  1  2  3  4  5  6  7  8  9 |
---------------+----------------------------+-----
Stealth        | 6 7 8 10 12 | 12.4
Short Blades   | 3 4 6 7 8 |  8.7
Dodging        | 2 3 4 6 7 |  7.1
Fighting       | 2 3 4 |  4.2
Throwing       | 3 4 5 |  5.0
Evocations     | 3 5 |  5.0

Action                   |  1- 3 |  4- 6 |  7- 9 || total
-------------------------+-------+-------+-------++-------
Melee: Dagger            |   113 |   109 |       ||   222
       Punch             |     1 |     4 |     3 ||     8
       Short sword       |       |    66 |    17 ||    83
       Rapier            |       |       |   160 ||   160
Throw: Dart              |    17 |    31 |    30 ||    78
       Stone             |     2 |       |       ||     2
  Use: Scroll            |     3 |     6 |     4 ||    13
 Stab: Sleeping          |    10 |     9 |    14 ||    33
       Distracted        |     1 |     1 |       ||     2
Armor: Robe              |    20 |    20 |    14 ||    54
Dodge: Dodged            |    78 |   133 |   133 ||   344
